 Dungeon Crawl Stone Soup version 0.19.0-11-g3fc08b3 (webtiles) character file.

3903 mistymad the Martial Artist (level 10, -1/87 HPs)
             Began as a Naga Transmuter on Nov 9, 2016.
             Slain by an orc knight
             ... wielding a cursed +0 halberd
              (29 damage)
             ... in a bailey.
             The game lasted 00:28:40 (11303 turns).

mistymad the Martial Artist (Naga Transmuter)      Turns: 11303, Time: 00:28:42

Health: -1/87      AC:  2    Str: 12    XL:     10   Next: 20%
Magic:  8/17       EV: 19    Int: 17    God:
Gold:   320        SH:  0    Dex: 17    Spells: 6 memorised, 2 levels left

rFire  . . .     SeeInvis +       - Unarmed
rCold  . . .     Gourm    .     (armour currently unavailable)
rNeg   . . .     Faith    .     (shield currently unavailable)
rPois  x         Spirit   .     (helmet currently unavailable)
rElec  .         Reflect  .     (cloak currently unavailable)
rCorr  .         Harm     .     (gloves currently unavailable)
MR     +....                    (no barding)
Stlth  ++........               (no amulet)
                                (no ring)
                                l - ring of wizardry

@: spider-form (expiring)
A: (claws 0), see invisible, (deformed body), (poison resistance), (slowness 0),
slow metabolism 1, spit poison 1, AC +3
a: Spit Poison, End Transformation


You were in a bailey.
You were hungry.
You were a venomous arachnid creature.
You visited 2 branches of the dungeon, and saw 9 of its levels.
You also visited: Bailey.

You collected 392 gold pieces.
You spent 72 gold pieces at shops.

Inventory:

Missiles
 a - 167 arrows
 E - a throwing net (quivered)
Armour
 b - a +1 robe (melded)
 t - a +2 cloak of magic resistance (melded)
 D - the +2 cloak of Trog's Displeasure {rN+}
   (You found it on level 6 of the Dungeon)

   It protects you from negative energy.
Jewellery
 l - a ring of wizardry (left front leg)
Wands
 j - a wand of acid (3/15)
 s - a wand of acid (4/15)
 x - a wand of iceblast (7/15)
Scrolls
 e - 2 scrolls of remove curse
 i - a scroll of recharging
 m - a scroll of fog
 n - a scroll of summoning {unknown}
 o - 2 scrolls of noise {unknown}
 q - a scroll of fear {unknown}
 r - a scroll of magic mapping
 y - a scroll of teleportation {unknown}
 z - a scroll of blinking
 B - a scroll of enchant armour
 F - a scroll of immolation {unknown}
Potions
 f - 2 potions of might
 g - a potion of lignification
 h - a potion of haste {unknown}
 u - 2 potions of curing
 v - a potion of ambrosia
 H - a potion of heal wounds
 I - a potion of magic
 J - 2 potions of agility {unknown}
Books
 c - a book of Changes

   Spells                             Type                      Level
   a - Beastly Appendage              Transmutation                1
   b - Sticks to Snakes               Transmutation                2
   c - Spider Form                    Transmutation/Poison         3
   d - Ice Form                       Ice/Transmutation            4
   e - Blade Hands                    Transmutation                5
 w - a book of Geomancy

   Spells                             Type                      Level
   a - Sandblast                      Earth                        1
   b - Passwall                       Transmutation/Earth          2
   c - Stone Arrow                    Conjuration/Earth            3
   d - Petrify                        Transmutation/Earth          4
   e - Lee's Rapid Deconstruction     Earth                        5
 C - a book of Cantrips

   Spells                             Type                      Level
   a - Confusing Touch                Hexes                        1
   b - Animate Skeleton               Necromancy                   1
   c - Summon Small Mammal            Summoning                    1
   d - Apportation                    Translocation                1
 G - a book of Misfortune

   Spells                             Type                      Level
   a - Confusing Touch                Hexes                        1
   b - Confuse                        Hexes                        3
   c - Gell's Gravitas                Hexes/Translocation          3
   d - Petrify                        Transmutation/Earth          4
   e - Metabolic Englaciation         Hexes/Ice                    5
   f - Yara's Violent Unravelling     Hexes/Transmutation          5
Comestibles
 d - 9 bread rations
 k - 5 meat rations
 p - a beef jerky


   Skills:
 + Level 4.6 Fighting
 - Level 1.5 Dodging
 + Level 9.3 Unarmed Combat
 - Level 5.2 Spellcasting
 + Level 9.2 Transmutations


You had 2 spell levels left.
You knew the following spells:

 Your Spells              Type           Power        Failure   Level  Hunger
a - Passwall              Tmut/Erth      ###.......   4%          2    #......
b - Sticks to Snakes      Tmut           #####...     1%          2    #......
c - Spider Form           Tmut/Pois      ###.......   10%         3    ###....
d - Blade Hands           Tmut           #####.....   10%         5    ######.
e - Petrify               Tmut/Erth      ###.....     21%         4    ####...
f - Confusing Touch       Hex            #.....       16%         1    None


Dungeon Overview and Level Annotations

Branches:
Dungeon (8/15)             Temple (1/1) D:6
   Lair: D:8-11

Altars:
Ashenzari
Dithmenos
Elyvilon
Fedhas
Gozag
Hepliaklqana
Kikubaaqudgha
Makhleb
Nemelex Xobeh
Okawaru
Qazlal
Ru
Sif Muna
Trog
Uskayaw
Vehumet
Xom
Yredelemnul
Zin
The Shining One

Shops:
D:4 !(*[   D:5 (   D:6 !

Annotations:
D:4 1 exclusion


Innate Abilities, Weirdness & Mutations

You cannot wear boots.
((Your serpentine skin is tough. (AC +3)))
You have supernaturally acute eyesight. (SInv)
((Armour fits poorly on your strangely shaped body.))
((Your system is resistant to poisons. (rPois)))
((You cover ground very slowly.))
You have a slow metabolism.
You can spit poison.
((You have sharp fingernails.))


Message History

You take 5 damage, and have 58/87 hp.
Casting: Sticks to Snakes
Confirm with . or Enter, or press ? or * to list all spells.
You create 2 snakes!
You now have 169 arrows.
Your ball python bites the orc knight but does no damage.
Your ball python constricts the orc knight.
The orc warrior barely misses you.
The orc knight hits you with a halberd!!
Your ball python bites the orc knight but does no damage.
The orc warrior hits you from afar with a halberd.
Your ball python bites the orc knight but does no damage. x2
You take 31 damage, and have 27/87 hp.
MASSIVE DAMAGE!!
You now have 10/17 mp.
Casting: Sticks to Snakes
Confirm with . or Enter, or press ? or * to list all spells.
You create 2 snakes!
You now have 167 arrows.
Your ball python bites the orc knight but does no damage.
Your ball python constricts the orc knight.
Your ball python bites the orc knight but does no damage. x2
The orc knight hits you with a halberd!!
You die...

##### ####### ....##
##.....########
.....######.......#.....#
))...#....#.....SSS...!.'
))...'....'..)))Soo.....'
.))..#....#....)sSoo.!..'
.)...######...S.SS#.....#
.)..## ##.....########
##### #######


You could see an orc knight, 3 orc warriors and 8 friendly ball pythons.

Vanquished Creatures
  The ghost of nubinia the Grasshopper, an amateur HEWr of Sif Muna (D:4)
  Menkaure (D:7)
  4 orc warriors
  A phantom (D:7)
  2 ice beasts
  2 ogres
  A necrophage (D:6)
  6 centaurs
  A gnoll sergeant (D:6)
  4 bullfrogs (D:6)
  2 scorpions (D:6)
  3 wights (D:6)
  A howler monkey (D:4)
  2 crimson imps
  A centaur zombie (D:7)
  2 jellies
  Crazy Yiuf (D:4)
  5 orc priests
  4 hounds
  2 bullfrog skeletons
  A centaur skeleton (D:7)
  A gnoll shaman (D:6)
  Jessica (D:3)
  6 iguanas
  4 orc wizards
  3 worker ants
  A hound zombie (D:6)
  2 worker ant zombies (D:6)
  11 gnolls
  9 adders
  A shadow imp (D:6)
  2 oozes
  An adder skeleton (D:6)
  A worm (D:2)
  5 dart slugs
  9 leopard geckos
  27 orcs
  5 giant cockroaches
  11 goblins
  4 hobgoblins
  10 jackals
  4 quokkas
  6 bats
  4 frilled lizards
  A jackal skeleton (D:5)
  6 kobolds
  A leopard gecko zombie (D:6)
  A quokka skeleton (D:4)
  A quokka zombie (D:5)
  8 rats
  A spectral orc (D:6)
194 creatures vanquished.

Vanquished Creatures (collateral kills)
  Edmund (D:5)
  2 orc warriors (Bailey)
  An ogre (D:5)
  A centaur (D:7)
  A scorpion (D:5)
  A wight (D:6)
  A howler monkey (D:6)
  A bullfrog zombie (D:6)
  A gnoll (D:6)
  17 orcs
27 creatures vanquished.

Grand Total: 221 creatures vanquished

Notes
Turn   | Place    | Note
-------+----------+-------------------------------------------
     0 | D:1      | mistymad the Naga Transmuter began the quest for the Orb.
     0 | D:1      | Reached XP level 1. HP: 18/18 MP: 3/3
     6 | D:1      | Noticed a komodo dragon
     6 | D:1      | Noticed a killer bee
     6 | D:1      | Noticed a hog
     7 | D:1      | Noticed a water moccasin
     7 | D:1      | Noticed a swamp drake
   163 | D:1      | Reached XP level 2. HP: 5/25 MP: 3/5
  1398 | D:2      | Reached XP level 3. HP: 20/31 MP: 4/6
  1524 | D:2      | Learned a level 2 spell: Sticks to Snakes
  1528 | D:2      | Learned a level 3 spell: Spider Form
  1975 | D:2      | Reached XP level 4. HP: 34/38 MP: 8/8
  2682 | D:3      | Noticed Jessica
  2690 | D:3      | Killed Jessica
  2690 | D:3      | Reached XP level 5. HP: 34/44 MP: 5/9
  3329 | D:3      | Found an opulent altar of Gozag.
  3391 | D:4      | Found a runed door.
  3431 | D:4      | Found Dohukiv's Antique Armour Boutique.
  3438 | D:4      | Reached XP level 6. HP: 51/51 MP: 7/11
  3595 | D:4      | Found Yrchuhi's Antique Weapon Shoppe.
  3604 | D:4      | Learned a level 2 spell: Passwall
  3843 | D:4      | Found a stormy altar of Qazlal.
  3961 | D:4      | Found a glowing golden altar of the Shining One.
  4065 | D:4      | Found Efaceam's Distillery.
  4068 | D:4      | Bought a potion of degeneration for 12 gold pieces
  4212 | D:4      | Found Sistil's Assorted Antiques.
  4391 | D:4      | Noticed nubinia's ghost (amateur HEWr)
  4415 | D:4      | Killed nubinia's ghost
  4415 | D:4      | Reached skill level 5 in Unarmed Combat
  4415 | D:4      | Reached XP level 7. HP: 43/57 MP: 6/13
  4707 | D:4      | Noticed Crazy Yiuf
  4715 | D:4      | Killed Crazy Yiuf
  4797 | D:4      | Learned a level 5 spell: Blade Hands
  4838 | D:5      | Entered Level 5 of the Dungeon
  5156 | D:5      | Noticed Edmund
  5170 | D:5      | Killed Edmund
  5173 | D:5      | Reached skill level 5 in Transmutations
  5347 | D:5      | Reached skill level 5 in Spellcasting
  5365 | D:5      | Found Baun's Antique Weapon Boutique.
  5497 | D:5      | Reached XP level 8. HP: 51/64 MP: 11/15
  6977 | D:5      | Learned a level 4 spell: Petrify
  7225 | D:6      | Reached XP level 9. HP: 68/70 MP: 16/16
  7422 | D:6      | Got a polished cloak
  7611 | D:6      | Found a radiant altar of Vehumet.
  8389 | D:6      | Found a basalt altar of Yredelemnul.
  8623 | D:6      | Found a staircase to the Ecumenical Temple.
  8628 | D:6      | Found Poyleik's Distillery.
  8639 | D:6      | Learned a level 1 spell: Confusing Touch
  8644 | D:6      | Bought a potion of heal wounds for 60 gold pieces
  8648 | Temple   | Entered the Ecumenical Temple
  8909 | D:7      | Noticed Menkaure
  8997 | D:7      | Killed Menkaure
  9264 | D:7      | Identified the +2 cloak of Trog's Displeasure {rN+} (You found it on level 6 of the Dungeon)
  9624 | D:7      | Found a white marble altar of Elyvilon.
  9694 | D:7      | Reached XP level 10. HP: 42/85 MP: 14/17
  9954 | D:7      | Found a shattered altar of Ashenzari.
 10429 | D:7      | Gained mutation: You have sharp fingernails. [potion of beneficial mutation]
 10468 | D:8      | Found a flagged portal.
 10480 | Bailey   | Entered a bailey
 11286 | Bailey   | Noticed an orc knight
 11303 | Bailey   | Slain by an orc knight

Skill      XL: |  1  2  3  4  5  6  7  8  9 10 |
---------------+-------------------------------+-----
Spellcasting   | 3 4 5 |  5.2
Unarmed Combat | 4 5 7 9 |  9.3
Transmutations | 3 4 5 7 8 9 |  9.2
Fighting       | 3 4 |  4.6
Dodging        | |  1.5

Action                   |  1- 3 |  4- 6 |  7- 9 | 10-12 || total
-------------------------+-------+-------+-------+-------++-------
Melee: Unarmed           |    84 |   112 |   341 |    73 ||   610
       Punch             |     2 |     2 |     4 |     2 ||    10
       Headbutt          |     2 |     1 |       |       ||     3
 Cast: Beastly Appendage |     6 |     2 |       |       ||     8
       Spider Form       |     1 |    12 |    36 |     8 ||    57
       Sticks to Snakes  |       |     2 |    18 |    19 ||    39
       Blade Hands       |       |       |     3 |       ||     3
 Abil: Spit Poison       |    27 |    26 |    25 |     5 ||    83
       End Transformatio |       |       |     1 |       ||     1
  Use: Scroll            |       |       |    11 |     4 ||    15
       Potion            |       |       |       |     1 ||     1
 Stab: Distracted        |       |       |     2 |       ||     2
       Sleeping          |       |       |     1 |       ||     1
  Eat: Chunk             |     4 |    10 |    18 |     4 ||    36
Armor: Robe              |    13 |    26 |    36 |     8 ||    83
       Skin              |       |     4 |     4 |       ||     8
Dodge: Dodged            |    51 |    78 |   237 |    78 ||   444
